 Dungeon Crawl Stone Soup version 0.29-a0-892-g2c4c91d9db (webtiles) character file.

Game seed: 17927478155899017926

1164 purpskrrrp the Sneak (level 8, -14/39 HPs)
             Began as a Vine Stalker Enchanter on July 23, 2022.
             Was an Initiate of Dithmenos.
             Demolished by a wyvern (18 damage)
             ... on level 7 of the Dungeon.
             The game lasted 00:24:07 (6562 turns).

purpskrrrp the Sneak (Vine Stalker Enchanter)       Turns: 6562, Time: 00:24:07

Health: -14/39     AC:  4    Str:  5    XL:     8   Next: 40%
Magic:  0/12       EV: 18    Int: 15    God:    Dithmenos [......]
Gold:   157        SH:  0    Dex: 24    Spells: 11/11 levels left

rFire   . . .      SeeInvis .   q - +1 dagger (speed)
rCold   . . .      Faith    .   (no shield)
rNeg    + . .      Spirit   +   b - +1 robe
rPois   +          Reflect  .   (helmet restricted)
rElec   .          Harm     .   (no cloak)
rCorr   .          Rampage  .   k - +0 pair of gloves
Will    +....                   (no boots)
Stlth   ++........              f - amulet of Etara {rN+ Regen+ Str-5 Dex+6}
HPRegen 1.73/turn               j - ring of poison resistance
MPRegen 0.13/turn               r - +4 ring of evasion

@: very slow
A: fangs 3, regeneration 1, magic shield, antimagic bite, no potion heal 2,
horns 1, sturdy frame 1
a: Renounce Religion


You were on level 7 of the Dungeon.
You worshipped Dithmenos.
Dithmenos was noncommittal.
You visited 2 branches of the dungeon, and saw 8 of its levels.

You collected 269 gold pieces.
You spent 112 gold pieces at shops.

Inventory:

Hand Weapons
 a - a +1 dagger
 q - a +1 dagger of speed (weapon)
 v - a +0 hand axe
Missiles
 d - 5 javelins (quivered)
 e - 2 poisoned darts
Armour
 b - a +1 robe (worn)
 c - a +1 helmet
 k - a +0 pair of gloves (worn)
Magical Staves
 m - a staff of poison
Jewellery
 f - the amulet of Etara (around neck) {rN+ Regen+ Str-5 Dex+6}
   (You acquired it on level 3 of the Dungeon)

   [amulet of regeneration]

   Str:       It affects your strength (-5).
   Dex:       It affects your dexterity (+6).
   rN:        It protects you from negative energy.
   Regen:     It increases your rate of health regeneration.
 j - a ring of poison resistance (left hand)
 r - a +4 ring of evasion (right hand)
Scrolls
 g - 3 scrolls of teleportation
 n - 2 scrolls of identify
 s - 3 scrolls of poison
 y - a scroll of fog {unknown}
Potions
 h - 3 potions of degeneration
 i - 2 potions of magic
 l - 3 potions of flight
 z - a potion of haste


   Skills:
 + Level 2.5 Fighting
 + Level 4.1 Short Blades
 * Level 2.8 Staves
 + Level 3.2 Dodging
 * Level 7.7 Stealth
 + Level 2.2 Spellcasting
 + Level 3.1 Hexes
 * Level 3.0 Poison Magic


You had 11 spell levels left.
You didn't know any spells.
Your spell library contained the following spells:

 Spells                   Type           Power      Damage    Failure   Level
 Slow                     Hex            44%        N/A       6%          1
 Ensorcelled Hibernation  Hex/Ice        12%        N/A       17%         2
 Confusing Touch          Hex            11%        N/A       17%         3
 Tukima's Dance           Hex            11%        N/A       17%         3
 Apportation              Tloc           2%         N/A       22%         1
 Necrotise                Necr           4%         1d4       22%         1
 Summon Small Mammal      Summ           4%         N/A       22%         1
 Dazzling Flash           Conj/Hex       12%        N/A       34%         3
 Portal Projectile        Hex/Tloc       12%        N/A       34%         3
 Vampiric Draining        Necr           1%         2d6       54%         3
 Corpse Rot               Necr/Pois/Air  4%         N/A       82%         4
 Dispel Undead            Necr           1%         3d6       91%         4
 Blade Hands              Tmut           0%         N/A       99%         5
 Conjure Ball Lightning   Conj/Air       0%         3x3d6     100%        6
 Death Channel            Necr           0%         N/A       100%        6
 Discord                  Hex            5%         N/A       100%        8
 Disjunction              Tloc           0%         N/A       100%        8


Dungeon Overview and Level Annotations

Branches:
Dungeon (7/15)             Temple (1/1) D:5

Altars:
Ashenzari
Cheibriados
Dithmenos
Elyvilon
Fedhas
Gozag
Hepliaklqana
Kikubaaqudgha
Makhleb
Nemelex Xobeh
Okawaru
Ru
Sif Muna
Uskayaw
Vehumet
Wu Jian
Xom
Yredelemnul
Zin
The Shining One

Shops:
D:1 [   D:5 !

Portals:
Bailey: D:7

Annotations:
D:2 Robin, Sigmund


Innate Abilities, Weirdness & Mutations

You have razor-sharp teeth.
Your natural rate of healing is unusually fast.
When hurt, damage is shared between your health and your magic reserves.
Your bite disrupts and absorbs the magic of your enemies.
Potions cannot restore your health.
You have a pair of small horns on your head.
Your movements are slightly less encumbered by armour. (ER -2)


Message History

The goblin hits you with a +0 spear. The steam dragon closely misses you.
The steam dragon completely misses you. The goblin barely misses you.
The goblin closely misses you.
You enter the shallow water.
Moving in this stuff is going to be slow.
The goblin barely misses you. The goblin misses you.
The steam dragon breathes steam at you. The ball of steam hits you!
The ball of steam hits the goblin!!
The goblin dies!
The kobold is engulfed in a cloud of scalding steam.
The kobold dies!
The goblin misses you.
Your unstable footing causes you to fumble your attack.
You are engulfed in a cloud of scalding steam.
The goblin closely misses you. The goblin barely misses you.
The goblin hits you but does no damage.
The howler monkey is engulfed in a cloud of scalding steam.
The howler monkey barely misses you. The wyvern misses you.
You hit the howler monkey. You headbutt the howler monkey.
The howler monkey is heavily wounded.
You are engulfed in a cloud of scalding steam.
You hit the howler monkey. Your bite misses the howler monkey.
The howler monkey is almost dead.
You are engulfed in a cloud of scalding steam.
The wyvern is engulfed in a cloud of scalding steam.
The wyvern bites you!
* * * LOW HITPOINT WARNING * * *
The goblin is engulfed in a cloud of scalding steam.
The goblin dies!
The goblin is engulfed in a cloud of scalding steam.
The goblin dies!
The howler monkey is engulfed in a cloud of scalding steam.
The howler monkey dies!
The steam dragon bites you but does no damage.
The steam dragon claws you.
* * * LOW HITPOINT WARNING * * *
The goblin is engulfed in a cloud of scalding steam.
The goblin dies!
The wyvern attacks as you move away! The wyvern bites you!!
You die...

*,,,,,,,,,,,,* *,,
*,,,,........# *,,
******,,,,,.......#####*******,,
*,,,,,*****#...........,,,,,,,,,
*,,,,,*,,,,#.≈≈≈≈≈......,,,,,,,,
*,,,,,*,,,,#.§§..≈......,,,,,,,,
*,,,,,*,,,,#.≈§§.≈......,,,,,,,,
*,,,,,*,..,#.§§>l≈.....,,,,,,,,,
*,,,,,**#..#.≈§@§≈.....,,,,,,,,,
********#..#o.§D§§.#+###********
*,,,,,.......§§........*,,,,,,,
*,,,,..<.....K§§.§.....*,,,,,,,
*,,,,..................*,,,,,,,
*,,,,,.................*,,,,>,,
*,,,,,*#......K##......*,,,,,,,
*,,,,,*#...>...#*......*,,,,,,,
*,,,,.##......K#*######*,,,**,*


You could see a steam dragon, a wyvern and an orc.

Vanquished Creatures
  A water moccasin (D:5)
  An orc warrior (D:6)
  A phantom (D:4)
  Blork the orc (D:6)
  A necrophage (D:5)
  3 scorpions (D:6)
  4 hounds
  A jelly (D:6)
  2 orc priests
  A gnoll bouda (D:6)
  3 iguanas
  2 orc wizards
  3 adders
  3 gnolls (D:6)
  A white imp (D:5)
  2 ufetubi
  3 dart slugs
  23 orcs
  2 endoplasms
  3 giant cockroaches
  16 goblins
  2 hobgoblins
  6 jackals
  8 kobolds
  2 quokkas
  5 ball pythons
  2 bats
  3 frilled lizards
  2 rats
107 creatures vanquished.

Vanquished Creatures (others)
  A howler monkey (D:7)
  4 goblins (D:7)
  A kobold (D:7)
  A plant (D:2)
7 creatures vanquished.

Grand Total: 114 creatures vanquished

Notes
Turn   | Place    | Note
-------+----------+-------------------------------------------
     0 | D:1      | purpskrrrp the Vine Stalker Enchanter began the quest for
                  | the Orb.
     0 | D:1      | Reached XP level 1. HP: 9/9 MP: 4/4
   255 | D:1      | Reached skill level 1 in Short Blades
   431 | D:1      | Reached XP level 2. HP: 10/14 MP: 4/6
   590 | D:1      | Found Cukhlu's Antique Armour Shop.
   594 | D:1      | Reached skill level 4 in Stealth
   983 | D:1      | You fall into a shaft and drop 1 floor!
  1297 | D:2      | Noticed Robin
  1297 | D:2      | Noticed Sigmund
  1677 | D:1      | Reached XP level 3. HP: 17/17 MP: 7/7
  3227 | D:3      | Gained mutation: Your natural rate of healing is unusually
                  | fast. [Vine Stalker growth]
  3227 | D:3      | Reached XP level 4. HP: 18/21 MP: 8/8
  3361 | D:3      | Found a faded altar of an unknown god.
  3881 | D:3      | Identified a scroll of acquirement
  3881 | D:3      | Acquired the amulet of Etara {rN+ Regen+ Str-5 Dex+6}
  4050 | D:3      | Found a hazy altar of Hepliaklqana.
  4130 | D:4      | Noticed a +0 dagger
  4130 | D:4      | Noticed a +0 dagger
  4130 | D:4      | Noticed a +0 short sword
  4130 | D:4      | Noticed a +0 falchion
  4133 | D:4      | Noticed a +0 spear
  4186 | D:4      | Found a white marble altar of Elyvilon.
  4269 | D:4      | Reached XP level 5. HP: 25/25 MP: 4/9
  4480 | D:4      | Noticed a +0 falchion
  4486 | D:4      | Found a hide-covered altar of Uskayaw.
  4486 | D:4      | Noticed a +0 spear
  4489 | D:4      | Noticed a +0 short sword
  4523 | D:4      | Reached skill level 1 in Fighting
  4612 | D:4      | Noticed a phantom
  4614 | D:4      | Killed a phantom
  4615 | D:4      | Reached skill level 1 in Staves
  4615 | D:4      | Reached skill level 5 in Stealth
  4650 | D:4      | Reached skill level 1 in Poison Magic
  4650 | D:4      | Reached XP level 6. HP: 30/30 MP: 10/10
  4929 | D:4      | Found a snail-covered altar of Cheibriados.
  5075 | D:5      | Entered Level 5 of the Dungeon
  5220 | D:5      | Found a staircase to the Ecumenical Temple.
  5224 | D:5      | Noticed a water moccasin
  5355 | D:5      | Found Godied's Distillery.
  5364 | D:5      | Bought a potion of mutation for 112 gold pieces
  5364 | D:5      | Gained mutation: You have sharp toenails. [potion of
                  | mutation]
  5450 | D:5      | Killed a water moccasin
  5451 | D:5      | Reached skill level 6 in Stealth
  5499 | D:5      | Reached XP level 7. HP: 29/33 MP: 9/11
  5609 | Temple   | Entered the Ecumenical Temple
  5665 | Temple   | Became a worshipper of Dithmenos the Shadowed
  6061 | D:6      | Reached skill level 7 in Stealth
  6137 | D:6      | Gained mutation: You have razor-sharp teeth. [Vine Stalker
                  | growth]
  6137 | D:6      | Reached XP level 8. HP: 38/39 MP: 10/12
  6342 | D:6      | Noticed Blork the orc
  6370 | D:6      | Killed Blork the orc
  6463 | D:6      | Lost mutation: You have sharp toenails. [potion of
                  | mutation]
  6463 | D:6      | Gained mutation: Your movements are slightly less
                  | encumbered by armour. (ER -2) [potion of mutation]
  6463 | D:6      | Gained mutation: Your mind is acute. (Int +4, Str/Dex -1)
                  | [potion of mutation]
  6464 | D:6      | Lost mutation: Your movements are slightly less encumbered
                  | by armour. (ER -2) [potion of mutation]
  6464 | D:6      | Lost mutation: Your mind is acute. (Int +4, Str/Dex -1)
                  | [potion of mutation]
  6464 | D:6      | Gained mutation: Your movements are slightly less
                  | encumbered by armour. (ER -2) [potion of mutation]
  6464 | D:6      | Gained mutation: You have a pair of small horns on your
                  | head. [potion of mutation]
  6553 | D:7      | Found a flagged portal.
  6556 | D:7      | Noticed a wyvern
  6562 | D:7      | Demolished by a wyvern

Illustrated notes

Levels and vault maps discovered:
D:1:      spicycebolla_green_bress_n_ham, layout_basic, serial_shops,
          nicolae_shop_hallway_stairs
D:2:      layout_basic, dilly_ecumenical_altar_fadedgnrine, uniq_robin,
          uniq_sigmund, uniq_natasha
D:3:      layout_basic, nicolae_overflow_ecumenical_swirl
D:4:      layout_gridville, nicolae_uskayaw_en_pointe,
          mainiacjoe_overflow_surrounded_room, mainiacjoe_overflow_alcove_4
D:5:      layout_cave_pools, temple_pool_b, serial_shops, nicolae_square_shop
D:6:      layout_basic, reono_crystal_passage, uniq_blork_the_orc
D:7:      layout_gridville, enter_bailey_5, enter_ossuary_4,
          uniq_prince_ribbit1, uniq_crazy_yiuf_cottage
Temple:   nicolae_temple_x_marks_the_god

Skill      XL: |  1  2  3  4  5  6  7  8 |
---------------+-------------------------+-----
Short Blades   | 1 2 3 4 |  4.1
Stealth        | 4 5 6 7 |  7.7
Dodging        | 2 3 |  3.2
Fighting       | 1 2 |  2.5
Staves         | 1 2 |  2.8
Poison Magic   | 1 2 3 |  3.0
Spellcasting   | |  2.2
Hexes          | |  3.1

Action                   |  1- 3 |  4- 6 |  7- 9 || total
-------------------------+-------+-------+-------++-------
Melee: Dagger            |   125 |   198 |   161 ||   484
       Bite              |    32 |    55 |    58 ||   145
       Staff             |     9 |       |       ||     9
       Punch             |       |     5 |     4 ||     9
       Kick              |       |    10 |    62 ||    72
       Headbutt          |       |       |     2 ||     2
Throw: Javelin           |     1 |       |       ||     1
  Use: Potion            |     2 |     1 |     3 ||     6
       Scroll            |       |     7 |     6 ||    13
 Stab: Sleeping          |     9 |     6 |     8 ||    23
       Distracted        |     1 |       |       ||     1
       Invisible         |     1 |       |     1 ||     2
Armor: Robe              |    39 |    38 |    10 ||    87
Dodge: Dodged            |    74 |   123 |    90 ||   287

Table legend: (Time is in decaauts)
 A = Elapsed time spent in this place.
 B = Non-inter-level travel time spent in this place.
 C = Inter-level travel time spent in this place.
 D = Time resting spent in this place.
 E = Time spent auto-exploring this place.
 F = Levels seen in this place.
 G = Mean time per level.
                   A        B        C        D        E       F      G
               +--------+--------+--------+--------+--------+-----+--------+
         Total |   6423 |   6070 |    353 |    725 |   4110 |   8 |  802.9 |
       Dungeon |   6356 |   6003 |    353 |    725 |   4062 |   7 |  908.0 |
        Temple |     67 |     67 |      0 |      0 |     48 |   1 |   67.0 |
               +--------+--------+--------+--------+--------+-----+--------+

Top non-repeatable levels by time:
     D:1: 1792 daAuts
     D:3: 1195 daAuts
     D:2: 1074 daAuts
     D:4: 985 daAuts
     D:6: 645 daAuts
     D:5: 602 daAuts
  Temple: 67 daAuts
     D:7: 59 daAuts
